 Dungeon Crawl Stone Soup version 0.30-a0-1074-g5db6f66fbb (webtiles) character file.

Game seed: 3264225879442504536

152 themarg the Caller (level 5, -10/35 HPs)
             Began as a Merfolk Summoner on Apr 13, 2023.
             Was an Initiate of Fedhas.
             Mangled by Menkaure (19 damage)
             ... on level 4 of the Dungeon.
             The game lasted 00:10:23 (3069 turns).

themarg the Caller (Merfolk Summoner)               Turns: 3069, Time: 00:10:24

Health: -10/35     AC:  6    Str:  8    XL:     5   Next: 34%
Magic:  2/8        EV: 12    Int: 17    God:    Fedhas [......]
Gold:   178        SH:  0    Dex: 14    Spells: 2/8 levels left

rFire   . . .      SeeInvis .    i - +0 spear
rCold   . . .      Faith    .    (no shield)
rNeg    . . .      Spirit   .    a - +0 robe
rPois   .          Reflect  .    (no helmet)
rElec   .          Rampage  .    (no cloak)
rCorr   .                        (no gloves)
Will    .....                    (no boots)
Stlth   ++                       (no amulet)
HPRegen 0.25/turn                j - +4 ring of protection
MPRegen 0.11/turn                (no ring)

@: no status effects
A: (nimble swimmer 2), mertail
a: Renounce Religion


You were on level 4 of the Dungeon.
You worshipped Fedhas.
Fedhas was noncommittal.
You visited 1 branch of the dungeon, and saw 4 of its levels.

You collected 178 gold pieces.

Inventory:

Hand Weapons
 g - a +2 dagger of flaming
 i - a +0 spear (weapon)
 m - a +0 short sword of venom
Missiles
 d - 40 stones
 s - 5 poisoned darts (quivered)
Armour
 a - a +0 robe (worn)
Magical Staves
 p - a staff of conjuration
Jewellery
 j - a +4 ring of protection (left hand)
 r - a ring of ice
Scrolls
 c - 2 scrolls of identify
 f - a scroll of enchant weapon
 l - a scroll of immolation
 o - a scroll of poison {unknown}
 q - a scroll of summoning {unknown}
Potions
 b - 2 potions of magic
 e - a potion of might {unknown}
 h - a potion of brilliance {unknown}
 n - a potion of attraction {unknown}


   Skills:
 - Level 2.6 Dodging
 - Level 3.0 Stealth
 - Level 2.0 Spellcasting
 + Level 6.2 Summonings


You had 2 spell levels left.
You knew the following spells:

 Your Spells              Type           Power      Damage    Failure   Level
a - Summon Small Mammal   Summ           88%        N/A       1%          1
b - Call Imp              Summ           44%        N/A       2%          2
c - Call Canine Familiar  Summ           22%        N/A       4%          3

Your spell library contained the following spells:

 Spells                   Type           Power      Damage    Failure   Level
 Magic Dart               Conj           4%         1d3       19%         1
 Sandblast                Erth           2%         2d4       19%         1
 Passwall                 Tmut/Erth      0%         N/A       28%         2
 Searing Ray              Conj           2%         2d4       28%         2
 Summon Guardian Golem    Hex/Summ       12%        N/A       16%         3
 Summon Lightning Spire   Summ/Air       12%        N/A       47%         4
 Dazzling Flash           Conj/Hex       2%         N/A       50%         3
 Stone Arrow              Conj/Erth      2%         3d7       50%         3
 Fulminant Prism          Conj/Hex       0%         3d5       88%         4
 Agony                    Necr           1%         N/A       99%         5
 Silence                  Hex/Air        0%         N/A       99%         5


Dungeon Overview and Level Annotations

Branches:
Dungeon (3/15)

Altars:
Ashenzari
Fedhas
Trog
The Shining One

Annotations:
D:4 Menkaure, Sigmund


Innate Abilities, Weirdness & Mutations

((You are very nimble when in or above water. (Stealth+, EV+, Speed+++)))
Your lower body shifts to a powerful aquatic tail in water.


Message History

Sigmund mumbles some strange words.
Sigmund flickers and vanishes!
Deactivating autopickup; reactivate with Ctrl-A.
The ball python bites you but does no damage.
The ball python barely misses you.
You hear a shout!
Your magical contamination has completely faded away.
Something hits you. The ball python barely misses you.
The ball python grabs you. The ball python constricts you.
You escape the ball python's grasp.
You hit the ball python.
You kill the ball python!
Fedhas appreciates your contribution to the ecosystem.
Something hits you but does no damage.
You closely miss something.
You feel less confused.
Menkaure, Prince of Dust comes into view.
Something hits you.
You hit something.
Menkaure mumbles some strange words.
Menkaure seems to speed up.
Something completely misses you.
You hit something. You barely miss something. Something hits you!
Menkaure hits you!
As you read the scroll labelled ZEASYDO XASCH, it crumbles to dust.
It is a scroll of identify.
f - a scroll of enchant weapon Menkaure completely misses you.
Something hits you but does no damage.
Menkaure gestures at you while chanting.
Pain shoots through your body!
* * * LOW HITPOINT WARNING * * *
It was a potion of curing.
You feel better. Something hits you but does no damage.
Menkaure blazes with dark energy!
Menkaure hits you.
* * * LOW HITPOINT WARNING * * *
Menkaure barely misses you. Something hits you but does no damage.
Menkaure attacks as you move away! Menkaure hits you!!
Ouch! That really hurt!
You die...
Fedhas appreciates your contribution to the ecosystem.

#.# #. #.# #. #.# #. #.#
#. ### ##########.# #.
..> (..........#### #.
####.##.............###.
......<...............#.
#...@.# ##..###..###.
#.##M.###.'##.#......
#.h.#..........### #)
#...#..........# #...
#...'.._.......#
.....#..##..........#
.........#......##...#
##.#.#....###....#...#
.......#.#..#.##...#


You could see Menkaure (fast, ally target) and a friendly hound (summoned).

Vanquished Creatures
  A hound (D:2)
  An iguana (D:3)
  A giant cockroach (D:2)
  A hobgoblin (D:3)
  A kobold (D:2)
  2 ball pythons
  3 bats
  2 frilled lizards (D:1)
  5 goblins
  A hobgoblin zombie (D:4)
  An orc skeleton (D:4)
  3 rats
22 creatures vanquished.

Vanquished Creatures (collateral kills)
  A white imp (D:4)
  A nameless horror (D:3)
  An ufetubus (D:3)
  A worm (D:2)
  3 dart slugs
  2 orcs (D:3)
  6 bats
  2 endoplasms
  3 giant cockroaches
  6 goblins
  3 hobgoblins
  2 jackals (D:2)
  8 kobolds
  3 quokkas
  3 ball pythons
  2 goblin skeletons (D:4)
  A goblin zombie (D:4)
  2 kobold skeletons (D:4)
  A kobold zombie (D:4)
  An orc skeleton (D:4)
  2 orc zombies (D:4)
  2 rats
56 creatures vanquished.

Grand Total: 78 creatures vanquished

Notes
Turn   | Place    | Note
-------+----------+-------------------------------------------
     0 | D:1      | themarg the Merfolk Summoner began the quest for the Orb.
     0 | D:1      | Reached XP level 1. HP: 13/13 MP: 3/3
   179 | D:1      | Reached XP level 2. HP: 19/19 MP: 1/5
   182 | D:1      | Learned a level 2 spell: Call Imp
   822 | D:1      | Reached XP level 3. HP: 24/24 MP: 3/6
   826 | D:1      | Learned a level 3 spell: Call Canine Familiar
  1078 | D:2      | Reached skill level 5 in Summonings
  1078 | D:2      | Reached XP level 4. HP: 30/30 MP: 2/7
  1219 | D:2      | Found a faded altar of an unknown god.
  1947 | D:3      | Found a bloodstained altar of Trog.
  2049 | D:3      | Noticed an ogre
  2070 | D:3      | HP: 1/30 [ogre/+0 giant spiked club (10)]
  2308 | D:3      | Found a broken altar of Ashenzari.
  2401 | D:3      | Reached skill level 6 in Summonings
  2401 | D:3      | Reached XP level 5. HP: 35/35 MP: 1/8
  2849 | D:3      | Found a blossoming altar of Fedhas.
  2857 | D:3      | Became a worshipper of Fedhas Madash
  2949 | D:3      | You fall into a shaft and drop 1 floor!
  2982 | D:4      | Found a glowing golden altar of the Shining One.
  3039 | D:4      | Noticed Sigmund
  3059 | D:4      | Noticed Menkaure
  3069 | D:4      | Mangled by Menkaure

Illustrated notes

Levels and vault maps discovered:
D:1:      scummos_arrival_hexagon, layout_basic
D:2:      layout_loops_ring, hellmonk_ecumenical_altar_blasted
D:3:      minmay_wonky_spiral, layout_rooms, mainiacjoe_overflow_paths,
          fedhas_altar_2, lemuel_coloured_pillars_altar
D:4:      minmay_evil_eye, layout_basic, nicolae_tso_besieged_by_evil,
          minmay_temple_entry_waves, serial_undead, serial_undead_e,
          serial_undead_f, serial_undead_e, serial_undead_b, uniq_sigmund,
          uniq_menkaure

Skill      XL: |  1  2  3  4 |
---------------+-------------+-----
Stealth        | 3 |  3.0
Summonings     | 5 6 |  6.2
Dodging        | |  2.6
Spellcasting   | |  2.0

Action                     |  1- 3 |  4- 6 || total
---------------------------+-------+-------++-------
  Melee: Unarmed           |     8 |       ||     8
         Spear             |    24 |    67 ||    91
         Club              |     1 |       ||     1
         Punch             |       |     1 ||     1
  Throw: Dart              |       |     1 ||     1
   Cast: Summon Small Mamm |    24 |     7 ||    31
         Call Imp          |     9 |    10 ||    19
         Call Canine Famil |     1 |    20 ||    21
    Use: Scroll            |       |     1 ||     1
         Potion            |       |     1 ||     1
   Stab: Distracted        |     1 |       ||     1
         Sleeping          |       |     1 ||     1
 Armour: Robe              |     3 |    37 ||    40
  Dodge: Dodged            |     5 |    49 ||    54

Table legend: (Time is in decaauts)
 A = Elapsed time spent in this place.
 B = Non-inter-level travel time spent in this place.
 C = Inter-level travel time spent in this place.
 D = Time resting spent in this place.
 E = Time spent auto-exploring this place.
 F = Levels seen in this place.
 G = Mean time per level.
                   A        B        C        D        E       F      G
               +--------+--------+--------+--------+--------+-----+--------+
         Total |   3078 |   2990 |     88 |    273 |   1998 |   4 |  769.5 |
       Dungeon |   3078 |   2990 |     88 |    273 |   1998 |   4 |  769.5 |
               +--------+--------+--------+--------+--------+-----+--------+

Top non-repeatable levels by time:
     D:2: 1126 daAuts
     D:1: 974 daAuts
     D:3: 855 daAuts
     D:4: 121 daAuts
